 Dungeon Crawl Stone Soup version 0.16.2-12-gd0ad4c3 (webtiles) character file.

213553 faibistes the Eclecticist (level 18, -5/107 HPs)
             Began as a Deep Elf Wizard on Jan 27, 2018.
             Was the Champion of Sif Muna.
             Engulfed by a cloud of freezing vapour (21 damage)
             ... on level 13 of the Dungeon on Jan 29, 2018.
             The game lasted 04:01:48 (70523 turns).

faibistes the Eclecticist (Deep Elf Wizard)        Turns: 70523, Time: 04:01:49

Health: -5/107     AC: 18    Str:  4    XL:     18   Next: 65%
Magic:  43/51      EV: 17    Int: 35    God:    Sif Muna [******]
Gold:   1274       SH:  0    Dex: 13    Spells: 11 memorised, 2 levels left

rFire  + + .     SeeInvis .     U - staff of conjuration
rCold  x . .     Clarity  .     n - +2 robe {MR+}
rNeg   . . .     SustAb   .     (no shield)
rPois  +         Gourm    +     b - +2 helmet {Int+3}
rElec  .         Spirit   .     N - +0 cloak of Hangman {rPois}
rCorr  .         Warding  .     x - +2 pair of gloves
rMut   .         Stasis   .     B - +2 pair of boots {run}
MR     ++...                    a - amulet of the gourmand
Stlth  ++........               y - ring of magical power
                                V - ring of protection from cold

@: immune to fire clouds, about to teleport, delayed fireball, deflect missiles,
quick, very resistant to hostile enchantments, unstealthy
A: iridescent scales 1
a: Channel Energy, Forget Spell, Renounce Religion, Release Delayed Fireball


You were on level 13 of the Dungeon.
You worshipped Sif Muna.
Sif Muna was exalted by your worship.
You were very full.

You visited 7 branches of the dungeon, and saw 39 of its levels.
You visited 1 bazaar.
You also visited: Ossuary.

You collected 3696 gold pieces.
You spent 2422 gold pieces at shops.

Inventory:

Hand weapons
 w - a +5 dagger of freezing
Armour
 b - a +2 helmet of intelligence (worn)
 n - a +2 robe of magic resistance (worn)
 x - a +2 pair of gloves (worn)
 B - a +2 pair of boots of running (worn)
 N - the +0 cloak of Hangman (worn) {rPois}
   (You found it on level 1 of the Snake Pit)

   It protects you from poison.
Magical staves
 U - an uncursed staff of conjuration (weapon)
Jewellery
 a - an amulet of the gourmand (around neck)
 g - an uncursed ring of see invisible
 t - an uncursed ring of fire
 y - a ring of magical power (right hand)
 z - an uncursed ring of wizardry
 G - an uncursed amulet of clarity
 M - an uncursed ring of flight
 Q - an uncursed amulet of regeneration
 V - a ring of protection from cold (left hand)
Magical devices
 c - a wand of cold (10)
 f - a wand of fire (7)
 h - a wand of digging (14)
 i - a wand of fire (0)
 p - a wand of draining (5)
 u - a wand of paralysis (11)
 F - a wand of cold (3)
 I - a wand of disintegration (6)
 J - a wand of fireball (2)
 P - a wand of lightning (9)
Scrolls
 e - 17 scrolls of remove curse
 s - 4 scrolls of immolation
 C - 3 scrolls of holy word
 D - 6 scrolls of teleportation
 H - a scroll of magic mapping
 K - 4 scrolls of recharging
 L - 3 scrolls of fog
 T - a scroll of fear
 W - 11 scrolls of identify
 Z - 3 scrolls of blinking
Potions
 j - a potion of magic
 k - 5 potions of haste
 o - 3 potions of restore abilities
 q - 10 potions of curing
 r - a potion of cure mutation
 v - a potion of heal wounds
 A - 7 potions of brilliance
 E - 2 potions of ambrosia
 R - 5 potions of flight
 S - 3 potions of cancellation
 X - 3 potions of resistance
Miscellaneous
 Y - a lamp of fire
Comestibles
 d - 16 bread rations
 m - 12 meat rations
 O - 42 fruits


   Skills:
 + Level 10.1 Fighting
 - Level 10.2 Dodging
 - Level 2.4 Stealth
 * Level 20.2 Spellcasting
 + Level 14.5 Conjurations
 - Level 11.0 Charms
   Level 3.6 Summonings
 - Level 7.2 Translocations
 - Level 3.5 Transmutations
 + Level 14.6 Fire Magic
 - Level 3.3 Air Magic
 * Level 11.1 Earth Magic
 - Level 2.5 Poison Magic
 - Level 10.0 Invocations
 - Level 9.0 Evocations


You had 2 spell levels left.
You knew the following spells:

 Your Spells              Type           Power        Failure   Level  Hunger
a - Airstrike             Air            ######....   2%          4    None
b - Ring of Flames        Chrm/Fire      ########..   4%          7    None
d - Blink                 Tloc           N/A          1%          2    None
e - Poisonous Cloud       Conj/Pois/Air  #######...   12%         6    None
f - Deflect Missiles      Chrm/Air       ######....   10%         6    None
g - Iskenderun's Battles  Conj/Chrm      ########     1%          5    None
i - Ignite Poison         Fire/Trmt      #######...   1%          5    None
l - Lee's Rapid Deconstr  Erth           #######...   1%          5    None
v - Bolt of Fire          Conj/Fire      ########..   1%          6    None
x - Force Lance           Conj/Tloc      ########     1%          4    None
z - Fireball              Conj/Fire      ########..   1%          5    None


Dungeon Overview and Level Annotations

Branches:
Dungeon (14/15)            Temple (1/1) D:7            Lair (8/8) D:8
  Swamp (5/5) Lair:4        Snake (5/5) Lair:6        Slime (0/6) Lair:7
    Orc (4/4) D:9             Elf (2/3) Orc:3        Vaults (0/5) D:13

Altars:
Ashenzari
Cheibriados
Dithmenos
Elyvilon
Fedhas
Gozag
Kikubaaqudgha
Makhleb
Nemelex Xobeh
Okawaru
Qazlal
Ru
Sif Muna
Trog
Vehumet
Xom
Yredelemnul
Zin
The Shining One
Beogh
Jiyva

Shops:
D:5 ((!   D:8 :   Orc:1 %   Orc:4 :=[(   Elf:2 (


Innate Abilities, Weirdness & Mutations

You are immune to clouds of flame.
You are partially covered in iridescent scales (AC +4).


Message History

Really walk into a travel-excluded area?
There is an open door here.
Casting: Lee's Rapid Deconstruction
Confirm with . or Enter, or press ? or * to list all spells.
The air around you leaps into flame!
Really walk into that cloud of freezing vapour?
Okay, then.
You are engulfed in freezing vapours.
Casting: Ring of Flames
Confirm with . or Enter, or press ? or * to list all spells.
You feel a surge of power! The air around you leaps into flame!
You are engulfed in freezing vapours.
Unknown command.
You are engulfed in freezing vapours.
You start resting.
You are engulfed in freezing vapours.
* * * LOW HITPOINT WARNING * * *
Read which item? (? for menu, Esc to quit)
As you read the scroll of teleportation, it crumbles to dust.
You feel strangely unstable.
You are engulfed in freezing vapours.
You die...

# ##################.#
...§§.....§§§§§§@§§#
8'8#################
#.## #.# #.# #.#
######## #.# ##......##
####
#.############........##
#...
#......................#
#..#


There were no monsters in sight!

Vanquished Creatures
  Norris (Snake:5)
  A deep elf blademaster (Elf:2)
  Asterion (Swamp:4)
  5 thorn hunters
  Agnes (Elf:2)
  The ghost of faibistes the Eclecticist, a mighty DEWz of Sif Muna (Swamp:4)
  4 greater nagas
  Donald (Snake:1)
  A very ugly thing (Swamp:4)
  The ghost of faibistes the Thaumaturge, a powerful DEWz of Sif Muna (Lair:8)
  Snorg (Orc:3)
  A deep elf death mage (Elf:1)
  Josephine (D:12)
  A hell beast (D:10)
  The ghost of faibistes the Thaumaturge, a powerful DEWz of Sif Muna (Lair:3)
  5 naga warriors
  23 hydras
  7 anacondas
  3 catoblepae (Lair:8)
  2 ghost crabs
  Erica (D:14)
  12 dancing weapons (Elf:2)
  12 death yaks
  9 alligators
  4 shock serpents
  5 naga sharpshooters
  Urug (Orc:3)
  8 orc high priests
  A spriggan berserker (Swamp:4)
  A fire crab (Lair:7)
  5 spriggans
  6 salamander mystics
  A sea snake (Snake:1)
  21 deep elf knights
  2 spriggan druids (Swamp:4)
  A flayed ghost (D:8)
  A wizard (D:13)
  5 deep elf summoners
  5 swamp dragons
  7 naga ritualists
  2 hill giants
  A wolf spider zombie (D:12)
  11 deep elf conjurers
  14 mana vipers
  A hornet (Swamp:3)
  A mana viper (shapeshifter) (D:13)
  13 salamanders
  2 orc sorcerers
  A manticore (D:13)
  An orc knight (Orc:1)
  An ugly thing (D:12)
  A rust devil (D:10)
  Maurice (D:9)
  A cyclops (D:13)
  3 elephants (Lair:3)
  Joseph (D:6)
  A torpor snail (Lair:8)
  43 black mambas
  A gargoyle (D:10)
  22 spiny frogs
  A sixfirhy (Orc:4)
  Psyche (D:9)
  9 naga magi
  4 kobold demonologists
  6 wandering mushrooms
  4 fire drakes
  12 komodo dragons
  4 trolls
  10 giant leeches
  3 deep elf priests
  14 slime creatures
  Grinder (D:4)
  A polar bear (Lair:5)
  4 baby alligators (Swamp:2)
  5 bog bodies
  34 blink frogs
  A two-headed ogre (Orc:4)
  4 ravens
  A basilisk (Lair:3)
  A redback (Elf:2)
  A redback (shapeshifter) (Elf:1)
  A ynoxinul (Orc:4)
  4 shadows
  A tarantella (Elf:2)
  4 wyverns
  6 wraiths
  A hungry ghost (D:13)
  16 fire bats
  33 deep elf fighters
  A steam dragon (D:11)
  70 yaks
  Eustachio (D:10)
  29 deep elf magi
  14 vampire mosquitoes
  A neqoxec (Orc:3)
  2 mottled dragons (D:13)
  7 hippogriffs
  10 wolves
  Edmund (D:3)
  38 water moccasins
  10 wargs
  14 insubstantial wisps
  23 swamp worms
  32 nagas
  17 porcupines
  19 orc warriors
  2 black bears
  5 swamp drakes
  3 sky beasts
  5 ice beasts
  5 wasps
  4 phantoms
  2 eyes of draining
  2 necrophages
  A boring beetle (Lair:6)
  20 crocodiles
  6 centaurs
  7 ogres
  Sigmund (D:3)
  6 big kobolds
  A gnoll sergeant (D:8)
  21 giant frogs
  A water moccasin zombie (D:8)
  2 wyvern skeletons
  9 scorpions
  17 killer bees
  2 oklob saplings (D:8)
  6 electric eels
  A goliath beetle (D:6)
  2 giant frog zombies
  3 crimson imps
  5 jellies
  5 centaur zombies
  3 giant frog skeletons
  48 orc priests
  14 hounds
  Crazy Yiuf (D:4)
  5 centaur skeletons
  7 iron imps (D:10)
  25 orc wizards
  Natasha (twice) (D:3)
  10 iguanas
  15 worker ants
  2 sheep (Lair:8)
  A big kobold zombie (Ossuary)
  Ijyb (D:5)
  Jessica (D:2)
  A giant frog simulacrum (D:11)
  2 hound zombies
  Terence (D:3)
  3 hound skeletons
  6 mummies
  A worker ant zombie (D:8)
  Robin (D:3)
  22 adders
  9 gnolls
  63 river rats
  5 shadow imps
  A white imp (Lair:3)
  4 giant mites
  2 worms
  An adder skeleton (D:8)
  An adder zombie (D:8)
  4 giant geckos
  An ooze (D:3)
  188 orcs
  2 ball pythons
  A bat zombie (D:5)
  A gnoll zombie (Ossuary)
  25 hobgoblins
  7 jackals
  20 kobolds
  13 quokkas
  110 bats
  3 giant cockroaches
  A giant cockroach zombie (D:5)
  7 giant newts
  A giant spore (D:10)
  29 goblins
  2 hobgoblin zombies (Ossuary)
  A jackal skeleton (D:4)
  An orc zombie (Ossuary)
  A quokka skeleton (D:8)
  2 quokka zombies
  29 rats
  3 ballistomycetes (D:10)
  A bush (Lair:3)
  A butterfly (Lair:2)
  14 fungi
  5 plants
1643 creatures vanquished.

Vanquished Creatures (collateral kills)
  A troll (Elf:2)
  A sky beast (D:8)
  An orc priest (Orc:1)
  A mummy (Ossuary)
  A gnoll (D:1)
  5 river rats
  7 orcs
17 creatures vanquished.

Vanquished Creatures (others)
  A dryad (Elf:1)
  3 yaks (D:13)
  3 crimson imps
  A shadow imp (Lair:5)
  4 white imps
  A giant spore (D:10)
  A briar patch (Swamp:4)
  38 fungi
  17 plants
  125 snaplasher vine segments (Orc:1)
194 creatures vanquished.

Grand Total: 1854 creatures vanquished

Notes
Turn   | Place    | Note
--------------------------------------------------------------
     0 | D:1      | faibistes, the Deep Elf Wizard, began the quest for the Orb.
     0 | D:1      | Reached XP level 1. HP: 10/10 MP: 6/6
   607 | D:1      | Reached XP level 2. HP: 15/15 MP: 6/9
   658 | D:1      | Learned a level 2 spell: Blink
   661 | D:1      | Learned a level 2 spell: Call Imp
  1342 | D:1      | Reached XP level 3. HP: 19/19 MP: 1/13
  1356 | D:1      | Learned a level 3 spell: Conjure Flame
  1360 | D:1      | Learned a level 3 spell: Mephitic Cloud
  1725 | D:2      | Reached skill level 5 in Spellcasting
  1971 | D:3      | Noticed Terence
  1986 | D:3      | Killed Terence
  1986 | D:3      | Reached XP level 4. HP: 24/24 MP: 1/17
  1990 | D:3      | Learned a level 2 spell: Repel Missiles
  2261 | D:2      | Noticed Jessica
  2282 | D:2      | Killed Jessica
  3090 | D:3      | Reached XP level 5. HP: 21/28 MP: 15/20
  3213 | D:3      | Noticed Natasha
  3238 | D:3      | Killed Natasha
  3285 | D:4      | Noticed Edmund
  3394 | D:3      | Reached skill level 6 in Spellcasting
  3607 | D:3      | Noticed Natasha
  3618 | D:3      | Killed Natasha
  3704 | D:3      | Noticed Sigmund
  3725 | D:3      | Killed Sigmund
  3725 | D:3      | Reached XP level 6. HP: 30/32 MP: 4/22
  3853 | D:3      | Killed Edmund
  3956 | D:3      | Reached skill level 7 in Spellcasting
  3957 | D:3      | Noticed Robin
  3960 | D:3      | Killed Robin
  4261 | D:4      | Noticed Grinder
  4267 | D:4      | Killed Grinder
  4267 | D:4      | Reached skill level 5 in Dodging
  4267 | D:4      | Reached skill level 5 in Conjurations
  4267 | D:4      | Reached XP level 7. HP: 30/36 MP: 22/25
  4575 | D:4      | Found a snail-covered altar of Cheibriados.
  4578 | D:4      | Found a glowing golden altar of the Shining One.
  4602 | D:5      | Entered Level 5 of the Dungeon
  4615 | D:5      | Found a sacrificial altar of Ru.
  4733 | D:5      | Found Afimpaigg's Distillery.
  4744 | D:5      | Bought a potion of magic for 88 gold pieces
  4779 | D:5      | Found a sand-covered staircase.
  4813 | D:5      | Reached skill level 8 in Spellcasting
  4876 | Ossuary  | Entered an ossuary
  5458 | D:5      | Bought a potion of degeneration for 11 gold pieces
  5458 | D:5      | Bought a potion of mutation for 27 gold pieces
  5498 | D:5      | Noticed Ijyb
  5513 | D:5      | Killed Ijyb
  5828 | D:5      | Found Horef's Weapon Boutique.
  5833 | D:5      | Reached XP level 8. HP: 31/41 MP: 24/28
  6147 | D:4      | Noticed Crazy Yiuf
  6156 | D:4      | Killed Crazy Yiuf
  6156 | D:4      | Reached skill level 9 in Spellcasting
  6156 | D:4      | Reached skill level 1 in Evocations
  6521 | D:5      | Reached skill level 1 in Fighting
  6754 | D:4      | Found a shimmering altar of Xom.
  7591 | D:5      | Found Cluag's Antique Weapon Emporium.
  8210 | D:6      | Reached skill level 10 in Spellcasting
  8546 | D:7      | Noticed Joseph
  8876 | D:6      | Got a twisted short sword
  8877 | D:6      | Identified the +8 short sword "Beetlebane" {antimagic, rPois MR- Int+5 Dex+2} (You found it on level 6 of the Dungeon)
  9188 | D:6      | Reached XP level 9. HP: 51/51 MP: 23/30
  9542 | D:6      | Killed Joseph
  9914 | D:7      | Reached skill level 11 in Spellcasting
 10373 | D:7      | Found a staircase to the Ecumenical Temple.
 10382 | Temple   | Entered the Ecumenical Temple
 10390 | Temple   | Became a worshipper of Sif Muna the Loreminder
 10573 | D:7      | Learned a level 5 spell: Fireball
 10579 | D:7      | Learned a level 5 spell: Ignite Poison
 10709 | D:8      | Found a staircase to the Lair.
 10803 | D:8      | Reached skill level 1 in Fire Magic
 10984 | D:10     | Entered Level 10 of the Dungeon
 11163 | D:8      | Found Imeocenu's Book Boutique.
 11289 | D:8      | Reached skill level 1 in Poison Magic
 11358 | D:8      | Acquired Sif Muna's first power
 11358 | D:8      | Reached skill level 1 in Air Magic
 11445 | D:8      | Reached XP level 10. HP: 58/58 MP: 6/32
 11559 | D:8      | Found a blossoming altar of Fedhas.
 12449 | D:8      | Acquired Sif Muna's second power
 12674 | D:8      | Reached skill level 12 in Spellcasting
 13285 | D:8      | Reached skill level 1 in Charms
 13285 | D:8      | Reached skill level 1 in Invocations
 13430 | D:8      | Reached skill level 1 in Transmutations
 14180 | D:8      | Found a white marble altar of Elyvilon.
 14553 | D:8      | Reached XP level 11. HP: 62/62 MP: 32/34
 14741 | D:8      | Found a runed door.
 14753 | D:8      | Found a radiant altar of Vehumet.
 14810 | D:8      | Found a basalt altar of Yredelemnul.
 14971 | D:8      | Found a white marble altar of Elyvilon.
 14988 | D:8      | Found a sacrificial altar of Ru.
 14993 | D:8      | Found a deep blue altar of Sif Muna.
 15363 | D:8      | Noticed a flayed ghost
 15370 | D:8      | Killed a flayed ghost
 15506 | D:8      | Identified a +4 rod of inaccuracy (11/11) (You found it on level 8 of the Dungeon)
 15517 | D:8      | Learned a level 6 spell: Bolt of Fire
 15559 | Lair:1   | Entered Level 1 of the Lair of Beasts
 16006 | Lair:1   | Reached skill level 5 in Fire Magic
 18026 | Lair:3   | Noticed a five-headed hydra
 18038 | Lair:3   | Noticed faibistes' ghost (powerful DEWz)
 18038 | Lair:3   | Killed a five-headed hydra
 18038 | Lair:3   | Reached skill level 5 in Fighting
 18125 | Lair:3   | Acquired Sif Muna's third power
 18362 | Lair:3   | Reached skill level 13 in Spellcasting
 19094 | Lair:2   | Reached skill level 5 in Evocations
 20207 | Lair:3   | Killed faibistes' ghost
 20207 | Lair:3   | Reached skill level 5 in Charms
 20207 | Lair:3   | Reached skill level 5 in Invocations
 20368 | Lair:3   | Reached skill level 5 in Translocations
 20375 | Lair:3   | Reached XP level 12. HP: 64/68 MP: 14/35
 20920 | Lair:3   | Noticed a seven-headed hydra
 20930 | Lair:3   | Killed a seven-headed hydra
 22289 | Lair:4   | Found a staircase to the Swamp.
 24461 | Lair:5   | Noticed a four-headed hydra
 24468 | Lair:5   | Killed a four-headed hydra
 26188 | Lair:6   | Noticed an eight-headed hydra
 26192 | Lair:6   | Killed an eight-headed hydra
 26192 | Lair:6   | Received a gift from Sif Muna
 26193 | Lair:6   | Reached XP level 13. HP: 74/74 MP: 2/36
 26194 | Lair:6   | Identified Sif Muna's Catalogue of Battle Magic (Sif Muna gifted it to you on level 6 of the Lair of Beasts)
 26690 | Lair:8   | Entered Level 8 of the Lair of Beasts
 26692 | Lair:8   | Reached skill level 14 in Spellcasting
 27038 | Lair:6   | Found a staircase to the Snake Pit.
 27980 | Lair:7   | Reached skill level 10 in Dodging
 28864 | Lair:6   | Gained mutation: You are partially covered in iridescent scales (AC +4). [potion of beneficial mutation]
 29285 | Lair:6   | Noticed a four-headed hydra
 29290 | Lair:6   | Killed a four-headed hydra
 30572 | Lair:7   | Found a viscous altar of Jiyva.
 30573 | Lair:7   | Found a staircase to the Slime Pits.
 31149 | Lair:7   | Received a gift from Sif Muna
 31150 | Lair:7   | Identified Sif Muna's Guide on Cloudy Battle Magic (Sif Muna gifted it to you on level 7 of the Lair of Beasts)
 31195 | Lair:7   | Learned a level 5 spell: Iskenderun's Battlesphere
 32317 | Lair:8   | Noticed faibistes' ghost (powerful DEWz)
 32454 | Lair:8   | Killed faibistes' ghost
 32454 | Lair:8   | Reached XP level 14. HP: 76/80 MP: 2/38
 32946 | Lair:8   | Found a shattered altar of Ashenzari.
 33855 | Lair:8   | Reached skill level 15 in Spellcasting
 34409 | Lair:8   | Reached skill level 10 in Conjurations
 34570 | Lair:8   | Reached skill level 10 in Fire Magic
 35477 | Lair:2   | Noticed a seven-headed hydra
 35480 | Lair:2   | Killed a seven-headed hydra
 35662 | D:9      | Noticed Psyche
 35664 | D:9      | Killed Psyche
 35673 | D:9      | Noticed Maurice
 35676 | D:9      | Killed Maurice
 35849 | D:9      | Found a staircase to the Orcish Mines.
 36101 | D:10     | Noticed Eustachio
 36106 | D:10     | Killed Eustachio
 37064 | Orc:1    | Entered Level 1 of the Orcish Mines
 37296 | Orc:3    | Received a gift from Sif Muna
 37297 | Orc:3    | Identified Sif Muna's Grimoire of the Compass and the Entourage (Sif Muna gifted it to you on level 3 of the Orcish Mines)
 37426 | Orc:4    | Entered Level 4 of the Orcish Mines
 37496 | Orc:1    | Found Efonkuj's Food Shoppe.
 37846 | D:8      | Bought a book of the Sky for 910 gold pieces
 37852 | D:8      | Learned a level 5 spell: Summon Forest
 37857 | D:8      | Learned a level 4 spell: Airstrike
 38340 | Orc:1    | Found a roughly hewn altar of Beogh.
 38600 | Orc:2    | Found an iron altar of Okawaru.
 38805 | Orc:3    | Found a staircase to the Elven Halls.
 39149 | Orc:3    | Noticed Urug
 39151 | Orc:3    | Killed Urug
 39594 | Orc:3    | Noticed Snorg
 39598 | Orc:3    | Killed Snorg
 41070 | Orc:4    | Found Wastamn's Book Shop.
 41070 | Orc:4    | Found Idaufu Thrups' Jewellery Shoppe.
 41076 | Orc:4    | Bought an uncursed ring of magical power for 200 gold pieces
 41081 | Orc:4    | Bought an uncursed ring of wizardry for 300 gold pieces
 41176 | Orc:4    | Reached skill level 10 in Invocations
 41190 | Orc:4    | Found a roughly hewn altar of Beogh.
 41370 | Orc:4    | Found Smiepnai's Armour Shop.
 41370 | Orc:4    | Found Mnozxat's Antique Weapon Shoppe.
 41376 | Orc:4    | Bought a +0 pair of boots of running for 346 gold pieces
 41665 | Orc:4    | Reached XP level 15. HP: 86/86 MP: 39/39
 41928 | Orc:4    | Learned a level 6 spell: Deflect Missiles
 42597 | Orc:4    | Found a roughly hewn altar of Beogh.
 42841 | Elf:1    | Entered Level 1 of the Elven Halls
 43020 | Elf:1    | Found a gateway to a bazaar.
 43041 | Bazaar   | Entered a bazaar
 43041 | Bazaar   | Found Xail's Weapon Shoppe.
 43041 | Bazaar   | Found Inyhowne's Jewellery Boutique.
 43041 | Bazaar   | Found Gehut's Food Shoppe.
 43062 | Bazaar   | Found Klaow's Gadget Shop.
 43110 | Bazaar   | Bought an uncursed amulet of the gourmand for 360 gold pieces
 43110 | Bazaar   | Bought an uncursed ring of see invisible for 180 gold pieces
 43333 | Elf:1    | Reached skill level 16 in Spellcasting
 43465 | Elf:1    | Reached skill level 10 in Charms
 44238 | Elf:2    | Received a gift from Sif Muna
 44239 | Elf:2    | Identified Sif Muna's Handbook of Companions (Sif Muna gifted it to you on level 2 of the Elven Halls)
 44754 | Elf:1    | Identified a scroll of acquirement
 44756 | Elf:1    | Identified Sif Muna's Almanac of Translocation (You acquired it on level 1 of the Elven Halls)
 45633 | Elf:2    | Found a burning altar of Makhleb.
 46010 | Elf:2    | Found a huge runed gate.
 46011 | Elf:2    | Found a huge runed gate.
 46011 | Elf:2    | Found a huge runed gate.
 46045 | Elf:2    | Found Phiojum's Weapon Shoppe.
 46869 | Elf:2    | Noticed a deep elf blademaster
 46873 | Elf:2    | Killed a deep elf blademaster
 46876 | Elf:2    | Noticed Agnes
 47537 | Elf:2    | Reached XP level 16. HP: 92/92 MP: 37/41
 47766 | Elf:2    | Killed Agnes
 47766 | Elf:2    | Reached skill level 17 in Spellcasting
 47892 | Elf:2    | Received a gift from Sif Muna
 47900 | Elf:2    | Identified Sif Muna's Volume of Excruciating Aid (Sif Muna gifted it to you on level 2 of the Elven Halls)
 48495 | Lair:2   | Learned a level 7 spell: Ring of Flames
 48500 | Lair:2   | Learned a level 3 spell: Stone Arrow
 48598 | Snake:1  | Entered Level 1 of the Snake Pit
 48797 | Snake:1  | Reached skill level 1 in Earth Magic
 49514 | Snake:1  | Noticed Donald
 49522 | Snake:1  | Killed Donald
 50202 | Snake:1  | Got a fine cloak
 50213 | Snake:1  | Identified the +0 cloak of Hangman {rPois} (You found it on level 1 of the Snake Pit)
 51748 | Snake:3  | Received a gift from Sif Muna
 51774 | Snake:3  | Identified Sif Muna's Disquisition on the Hurtful Blaze (Sif Muna gifted it to you on level 3 of the Snake Pit)
 51923 | Snake:3  | Identified Gibomyco's Handbook of Good Luck and the Voyage (You acquired it on level 3 of the Snake Pit)
 51930 | Snake:3  | Learned a level 4 spell: Force Lance
 52157 | Snake:3  | Reached skill level 5 in Earth Magic
 52714 | Snake:3  | Reached skill level 18 in Spellcasting
 53296 | Snake:3  | Learned a level 5 spell: Lee's Rapid Deconstruction
 53640 | Snake:5  | Entered Level 5 of the Snake Pit
 53665 | Snake:3  | Identified the Incunabulum of Combat Magic and Heat (You acquired it on level 3 of the Snake Pit)
 53675 | Snake:3  | Learned a level 7 spell: Delayed Fireball
 53958 | Snake:4  | Reached XP level 17. HP: 99/99 MP: 15/42
 54250 | Snake:5  | Noticed Norris
 54254 | Snake:5  | Killed Norris
 55830 | Snake:4  | Received a gift from Sif Muna
 55831 | Snake:4  | Identified Lehudib's Guide on Conjuration (Sif Muna gifted it to you on level 4 of the Snake Pit)
 57037 | Swamp:1  | Entered Level 1 of the Swamp
 58754 | Swamp:1  | Reached skill level 19 in Spellcasting
 61105 | Swamp:3  | Received a gift from Sif Muna
 61106 | Swamp:3  | Identified Sif Muna's Incunabulum of Earth and Shape Shifting (Sif Muna gifted it to you on level 3 of the Swamp)
 62004 | Swamp:4  | Reached XP level 18. HP: 107/107 MP: 13/43
 62386 | Swamp:5  | Entered Level 5 of the Swamp
 62558 | Swamp:3  | Reached skill level 10 in Earth Magic
 62853 | Swamp:4  | Noticed faibistes' ghost (mighty DEWz)
 63452 | Swamp:4  | Killed faibistes' ghost
 64627 | Swamp:4  | Noticed Asterion
 64632 | Swamp:4  | Killed Asterion
 65869 | Lair:2   | Learned a level 6 spell: Poisonous Cloud
 65917 | D:10     | Noticed a rust devil
 65921 | D:10     | Found a basalt altar of Yredelemnul.
 65921 | D:10     | Noticed a hell beast
 65932 | D:10     | Killed a rust devil
 65932 | D:10     | Reached skill level 10 in Fighting
 65934 | D:10     | Killed a hell beast
 66333 | D:10     | Noticed a gargoyle
 66334 | D:10     | Killed a gargoyle
 66944 | Lair:1   | Reached skill level 20 in Spellcasting
 67768 | D:12     | Noticed Josephine
 67771 | D:12     | Killed Josephine
 67771 | D:12     | Received a gift from Sif Muna
 67772 | D:12     | Identified Synn's Compendium of Battle Magic (Sif Muna gifted it to you on level 12 of the Dungeon)
 69795 | D:14     | Noticed Erica
 69799 | D:14     | Killed Erica
 70252 | D:13     | Found a gate to the Vaults.
 70523 | D:13     | Engulfed by a cloud of freezing vapour

Action                   |  1- 3 |  4- 6 |  7- 9 | 10-12 | 13-15 | 16-18 || total
-------------------------+-------+-------+-------+-------+-------+-------++-------
Melee: Dagger            |     5 |    27 |    57 |   119 |   240 |       ||   448
       Hammer            |       |       |       |    18 |       |       ||    18
       Flail             |       |       |       |     2 |       |       ||     2
       Staff             |       |       |       |       |       |     7 ||     7
 Cast: Magic Dart        |    89 |    91 |   439 |   535 |   180 |    25 ||  1359
       Call Imp          |     4 |     1 |     6 |     8 |       |       ||    19
       Mephitic Cloud    |     1 |     8 |    22 |    25 |     8 |       ||    64
       Conjure Flame     |       |    10 |    49 |    83 |    46 |       ||   188
       Repel Missiles    |       |     1 |     3 |     1 |     1 |       ||     6
       Blink             |       |     1 |     3 |    11 |    22 |    26 ||    63
       Fireball          |       |       |     8 |   228 |   381 |   266 ||   883
       Ignite Poison     |       |       |       |     5 |    39 |    95 ||   139
       Bolt of Fire      |       |       |       |       |   110 |   114 ||   224
       Iskenderun's Batt |       |       |       |       |    36 |    20 ||    56
       Airstrike         |       |       |       |       |    18 |   146 ||   164
       Summon Forest     |       |       |       |       |     3 |       ||     3
       Deflect Missiles  |       |       |       |       |     5 |     3 ||     8
       Ring of Flames    |       |       |       |       |       |    52 ||    52
       Force Lance       |       |       |       |       |       |    18 ||    18
       Lee's Rapid Decon |       |       |       |       |       |    77 ||    77
       Delayed Fireball  |       |       |       |       |       |     2 ||     2
Invok: Channel Energy    |       |       |       |    58 |    45 |    47 ||   150
       Forget Spell      |       |       |       |       |       |     4 ||     4
 Abil: Release Delayed F |       |       |       |       |       |     1 ||     1
Evoke: Wand              |       |       |    12 |    17 |     5 |     3 ||    37
       Rod               |       |       |       |     5 |       |       ||     5
  Use: Scroll            |       |     4 |    17 |    16 |    15 |    16 ||    68
       Potion            |       |       |       |     6 |     5 |     4 ||    15
 Stab: Confused          |       |     4 |     2 |     3 |     6 |       ||    15
       Sleeping          |       |       |       |     1 |       |       ||     1
  Eat: Chunk             |     3 |     7 |    19 |    39 |    70 |    82 ||   220
       Pizza             |       |       |     2 |     1 |     1 |     2 ||     6
       Fruit             |       |       |       |    18 |     7 |     2 ||    27
       Beef jerky        |       |       |       |     1 |     3 |     2 ||     6
       Meat ration       |       |       |       |     1 |       |       ||     1
